General information
			
			
        
        - name: grudge
 
        - type: Custom game
 
        - host: 3DGAYWORLD
 
        - saver: 3DGAYWORLD
 
        
map: TerenasStand 
        - players: 10
 
        - length: 38:30
 
        - speed: Fast
 - version: 1.22 W3XP
 - replay type:  Public
 
» download(140 KB)
Players
        team 1 (winner) 
              
              
3DGAYWORLD (
red | 74 APM | 2832 actions | 38:30)
              
 7 Blademaster 
 3 Wind Walk
 3 Critical Strike
 1 Bladestorm
 6 Shadow Hunter 
 2 Healing Wave
 3 Hex
 1 Big Bad Voodoo
 
                » actions 
                
                | Assign group hotkey | 4 |  | 
| Basic commands | 310 |  | 
| Build / train | 146 |  | 
| Enter build submenu | 35 |  | 
| Enter hero's abilities submenu | 13 |  | 
| Give item / drop item | 9 |  | 
| Remove unit from queue | 10 |  | 
| Right click | 1046 |  | 
| Select / deselect | 1047 |  | 
| Select group hotkey | 13 |  | 
| Use ability | 197 |  | 
                2832 total
 » units 
                
                | Peon | 14 |  | 
| Grunt | 22 |  | 
| Raider | 27 |  | 
| Shaman | 13 |  | 
| Kodo Beast | 2 |  | 
                78 total
 » upgrades
                
                | Melee Weapons | 3 |  | 
| Armor | 2 |  | 
| Berserker Strength | 1 |  | 
| Ensnare | 1 |  | 
| Pillage | 1 |  | 
| Shaman Training | 2 |  | 
| War Drums Damage Increase | 1 |  | 
| Burning Oil | 1 |  | 
                12 total
 » buildings
                
                | Altar of Storms | 1 |  | 
| Orc Burrow | 6 |  | 
| Barracks | 1 |  | 
| Voodoo Lounge | 2 |  | 
| Stronghold | 1 |  | 
| War Mill | 1 |  | 
| Beastiary | 1 |  | 
| Fortress | 1 |  | 
| Spirit Lodge | 2 |  | 
| Great Hall | 3 |  | 
| Watch Tower | 11 |  | 
                30 total
 » build order
                00:05 Altar of Storms
00:08 Orc Burrow
01:02 Barracks
01:24 Orc Burrow
01:55 Voodoo Lounge
02:22 Orc Burrow
03:57 Stronghold
04:01 War Mill
06:26 Beastiary
06:32 Orc Burrow
06:49 Fortress
09:51 Spirit Lodge
10:31 Great Hall
14:08 Great Hall
17:21 Orc Burrow
18:15 Orc Burrow
18:24 Watch Tower
18:29 Watch Tower
18:59 Watch Tower
19:02 Watch Tower
19:28 Watch Tower
19:31 Watch Tower
21:02 Watch Tower
24:49 Spirit Lodge
25:00 Voodoo Lounge
36:01 Great Hall
36:25 Watch Tower
36:27 Watch Tower
37:34 Watch Tower
37:37 Watch Tower
» items
                
                | Healing Salve | 6 |  | 
| Lesser Clarity Potion | 10 |  | 
| Potion of Mana | 8 |  | 
| Potion of Healing | 3 |  | 
| Orb of Lightning | 1 |  | 
                28 total
  
               team 2 (loser) 
              
              
Rezifut (
blue | 105 APM | 4039 actions | 38:30)
              
 7 Blademaster 
 3 Wind Walk
 3 Critical Strike
 1 Bladestorm
 4 Shadow Hunter 
 2 Healing Wave
 2 Hex
 
                » actions 
                
                | Assign group hotkey | 236 |  | 
| Basic commands | 6 |  | 
| Build / train | 99 |  | 
| Enter build submenu | 18 |  | 
| Enter hero's abilities submenu | 13 |  | 
| Give item / drop item | 7 |  | 
| Remove unit from queue | 8 |  | 
| Right click | 2375 |  | 
| Select / deselect | 695 |  | 
| Select group hotkey | 341 |  | 
| Use ability | 241 |  | 
                4039 total
 » units 
                
                | Peon | 6 |  | 
| Grunt | 24 |  | 
| Raider | 9 |  | 
| Kodo Beast | 3 |  | 
                42 total
 » upgrades
                
                | Berserker Strength | 1 |  | 
| Ensnare | 1 |  | 
| Melee Weapons | 2 |  | 
| Pillage | 1 |  | 
                5 total
 » buildings
                
                | Altar of Storms | 1 |  | 
| Orc Burrow | 6 |  | 
| Barracks | 1 |  | 
| Voodoo Lounge | 1 |  | 
| Stronghold | 1 |  | 
| Beastiary | 1 |  | 
| War Mill | 1 |  | 
| Great Hall | 3 |  | 
| Fortress | 1 |  | 
| Watch Tower | 4 |  | 
                20 total
 » build order
                00:03 Altar of Storms
00:17 Orc Burrow
00:36 Barracks
01:29 Orc Burrow
01:58 Voodoo Lounge
03:03 Stronghold
04:29 Orc Burrow
06:43 Beastiary
07:14 Orc Burrow
09:53 War Mill
10:37 Orc Burrow
18:00 Great Hall
18:15 Orc Burrow
18:19 Fortress
21:02 Great Hall
22:09 Great Hall
27:31 Watch Tower
27:36 Watch Tower
32:19 Watch Tower
32:22 Watch Tower
» items
                
                | Dust of Appearance | 1 |  | 
| Boots of Speed | 1 |  | 
| Healing Salve | 7 |  | 
| Scroll of Speed | 5 |  | 
| Lesser Clarity Potion | 9 |  | 
| Potion of Healing | 2 |  | 
| Scroll of Town Portal | 1 |  | 
| Potion of Mana | 1 |  | 
                27 total
  
               observersmikeyyy, 
p.rower, 
Alexandr, 
CrossedLadrao, 
Mata., 
NADMaN, 
bLinn, 
BEAR_AND Chat log
          (00:08 / All) 3DGAYWORLD: well
(00:09 / All) Rezifut: wtf
(00:12 / All) 3DGAYWORLD: No one else was going to host
(00:15 / All) Rezifut: fuck you
(00:19 / All) 3DGAYWORLD: i asked
(00:20 / All) Rezifut: 3dnoobworld
(08:28 / All) 3DGAYWORLD: AHAHA
(08:31 / All) Rezifut: wow fuck you
(08:32 / All) Rezifut: hazx
(09:38 / All) Rezifut: better run bithc
(12:59 / All) Rezifut: WOW
(13:01 / All) Rezifut: keys arent working
(13:03 / All) Rezifut: i had a tp
(15:17 / All) 3DGAYWORLD: nice hacks
(15:21 / All) Rezifut: ty
(15:29 / All) 3DGAYWORLD: NOT
(17:28 / All) Rezifut: CHOMP CHOMP
(19:13 / All) Rezifut: so obv
(19:15 / All) 3DGAYWORLD: NICE EXPO
(19:16 / All) 3DGAYWORLD: NOT
(19:21 / All) Rezifut: nice hax not
(21:09 / All) Rezifut: lol
(21:10 / All) 3DGAYWORLD: OWNED
(24:25 / All) 3DGAYWORLD: WELP
(26:49 / All) 3DGAYWORLD: haha
(26:53 / All) Rezifut: you bore them dude
(31:47 / All) 3DGAYWORLD: leave
(31:51 / All) Rezifut: you?
(32:11 / All) 3DGAYWORLD: su madre?
(34:07 / All) Rezifut: yawn
(35:01 / All) 3DGAYWORLD: SUCK MY DIIIIKC
(35:06 / All) Rezifut: maphack more
(35:29 / All) 3DGAYWORLD: leave
(35:32 / All) Rezifut: nah
(35:38 / All) 3DGAYWORLD: manner up
(35:38 / All) Rezifut: that would be rude
(35:42 / All) Rezifut: you manner up
(35:45 / All) 3DGAYWORLD: im winning
(35:48 / All) Rezifut: your hacking
(35:53 / All) 3DGAYWORLD: *you're
(35:58 / All) Rezifut: irony
(37:02 / All) 3DGAYWORLD: su madre bi0tch
(37:26 / All) Rezifut: horrible
(37:28 / All) Rezifut: awful
(37:30 / All) Rezifut: disgusting
(37:49 / All) Rezifut: MY FORTRESS